 Dungeon Crawl Stone Soup version 0.30.0-29-ga12c61a403 (webtiles) character file.

Game seed: 15756828518666609020

2189 FishyPogo the Gusty (level 9, -1/49 HPs)
             Began as a Deep Elf Air Elementalist on June 4, 2023.
             Was a Follower of Makhleb.
             Slain by a two-headed ogre
             ... wielding a +0 dire flail
              (23 damage)
             ... on level 6 of the Dungeon.
             The game lasted 00:39:31 (7596 turns).

FishyPogo the Gusty (Deep Elf Air Elementalist)     Turns: 7596, Time: 00:39:32

Health: -1/49      AC:  4    Str:  5    XL:     9   Next: 12%
Magic:  5/18       EV: 13    Int: 25    God:    Makhleb [*.....]
Gold:   263        SH:  0    Dex: 17    Spells: 5/18 levels left

rFire   . . .        a - +7 dagger "Avvuco" {venom, rElec Will+ Dex-4 SInv}
rCold   . . .        (no shield)
rNeg    . . .        c - +0 robe
rPois   .            t - +0 hat
rElec   +            (no cloak)
rCorr   .            (no gloves)
SInv    +            k - +1 pair of boots
Will    +....        (no amulet)
Stlth   +++          z - +6 ring of dexterity
HPRegen 0.28/turn    (no ring)
MPRegen 0.16/turn

%: no passive effects
@: no status effects
A: no striking features
a: Renounce Religion


You were on level 6 of the Dungeon.
You worshipped Makhleb.
Makhleb was aware of your devotion.
You visited 2 branches of the dungeon, and saw 7 of its levels.

You collected 263 gold pieces.

Inventory:

Hand Weapons
 a - the +7 dagger "Avvuco" (weapon) {venom, rElec Will+ Dex-4 SInv}
   (You found it on level 4 of the Dungeon)

   Dex:       It affects your dexterity (-4).
   rElec:     It insulates you from electricity.
   SInv:      It lets you see invisible.
   Will:      It increases your willpower.
 x - a +4 short sword of freezing
Missiles
 h - 109 stones
 r - 2 poisoned darts
 F - a throwing net
 G - a curare-tipped dart
Armour
 c - a +0 robe (worn)
 k - a +1 pair of boots (worn)
 t - a +0 hat (worn)
Magical Staves
 b - a staff of cold
Jewellery
 z - a +6 ring of dexterity (left hand)
 E - a ring of fire
Wands
 u - a wand of light (8)
Scrolls
 d - a scroll of brand weapon {unknown}
 e - 2 scrolls of enchant weapon {unknown}
 j - a scroll of fear
 l - 5 scrolls of identify
 q - 4 scrolls of teleportation
 s - a scroll of silence {unknown}
 y - a scroll of noise {unknown}
 A - 2 scrolls of poison {unknown}
 B - a scroll of vulnerability
Potions
 f - 4 potions of curing
 g - 2 potions of magic
 i - a potion of might {unknown}
 m - 2 potions of lignification
 n - a potion of haste {unknown}
 o - 2 potions of heal wounds
 p - a potion of degeneration {unknown}
 v - a potion of mutation {unknown}
 w - a potion of flight {unknown}
 C - 2 potions of ambrosia {unknown}
 D - a potion of attraction {unknown}


   Skills:
 + Level 2.7 Fighting
 + Level 4.6 Short Blades
 - Level 3.0 Dodging
 - Level 6.0 Stealth
 - Level 5.0 Spellcasting
 - Level 2.0 Conjurations
 * Level 6.2 Necromancy
 - Level 3.0 Translocations
 - Level 7.0 Air Magic


You had 5 spell levels left.
You knew the following spells:

 Your Spells              Type           Power      Damage    Failure   Level
a - Shock                 Conj/Air       100%       1d9       1%          1
b - Static Discharge      Conj/Air       56%        2-5/arc   1%          2
c - Airstrike             Air            20%        2d(3-19)  4%          4
d - Necrotise             Necr           100%       1d9       1%          1
e - Blink                 Tloc           42%        N/A       3%          2
f - Vhi's Electric Charg  Tloc/Air       62%        N/A       3%          3

Your spell library contained the following spells:

 Spells                   Type           Power      Damage    Failure   Level
 Swiftness                Air            41%        N/A       1%          3
 Apportation              Tloc           42%        N/A       2%          1
 Lesser Beckoning         Tloc           42%        N/A       3%          2
 Momentum Strike          Conj/Tloc      36%        3d9       4%          2
 Animate Dead             Necr           37%        N/A       6%          4
 Gell's Gravitas          Tloc           21%        N/A       7%          3
 Teleport Other           Tloc           21%        N/A       7%          3
 Summon Small Mammal      Summ           24%        N/A       9%          1
 Arcjolt                  Conj/Air       14%        1d24      34%         5
 Borgnjor's Vile Clutch   Necr/Erth      10%        N/A       54%         5
 Irradiate                Conj/Tmut      5%         3d13      83%         5
 Blade Hands              Tmut           3%         N/A       92%         5
 Death Channel            Necr           18%        N/A       69%         6
 Plasma Beam              Fire/Air       11%        2x1d24    96%         6
 Dispersal                Tloc           10%        N/A       98%         6
 Dragon Form              Tmut           3%         N/A       100%        7


Dungeon Overview and Level Annotations

Branches:
Dungeon (6/15)             Temple (1/1) D:5

Altars:
Cheibriados
Gozag
Makhleb
Nemelex Xobeh
Okawaru
Qazlal
Ru
Trog
Xom
Yredelemnul

Shops:
D:2 !


Message History

Confirm with . or Enter, or press ? or * to list all spells.
You blink.
Casting: Blink (safe; 3% risk of failure)
Confirm with . or Enter, or press ? or * to list all spells.
You can't charge at the two-headed ogre because you're already next to there.
The two-headed ogre attacks as you move away!
The two-headed ogre barely misses you. x2
Casting: Vhi's Electric Charge (dangerous; 3% risk of failure)
Confirm with . or Enter, or press ? or * to list all spells.
Aiming: Airstrike (dangerous; 4% risk of failure)
Press: ? - help, Dir - move target
Okay, then.
Casting: Airstrike (dangerous; 4% risk of failure)
Confirm with . or Enter, or press ? or * to list all spells.
Aiming: Airstrike (dangerous; 4% risk of failure)
Press: ? - help, Dir - move target, f - two-headed ogre
Aim: a two-headed ogre, wielding a +0 dire flail and a +0 giant club (empty space bonus: 7/8)
The air twists around and strikes the two-headed ogre!
The two-headed ogre is moderately wounded.
The two-headed ogre hits you with a +0 dire flail!!
The two-headed ogre barely misses you.
You feel much better.
You feel stable enough to blink again.
Okay, then.
Okay, then.
Okay, then.
You puncture the two-headed ogre!
The two-headed ogre is poisoned.
The two-headed ogre is moderately wounded.
The two-headed ogre hits you with a +0 dire flail.
The two-headed ogre barely misses you.
Casting: Airstrike (dangerous; 4% risk of failure)
Confirm with . or Enter, or press ? or * to list all spells.
Aiming: Airstrike (dangerous; 4% risk of failure)
Press: ? - help, Dir - move target, f/p - two-headed ogre
Aim: a two-headed ogre, wielding a +0 dire flail and a +0 giant club (moderately wounded, very poisoned, empty space bonus: 7/8)
The air twists around and strikes the two-headed ogre!
The two-headed ogre is heavily wounded.
The two-headed ogre hits you with a +0 dire flail!
The two-headed ogre hits you with a +0 giant club!!
You die...

.#......# #....#..#
.)......# #....'..#
)#....).#####....#..#
.#.....)#...#....#..#
.#..))..'...#....#..#
.#.))...#...#....#..#
.#..)...#...#....#..#
.#......#...#....#..#
.#..)...#...'..O@#..#
.#..)...#...#....#..#
.#...)).##'##....#..#
.'..).).).)......#..#
.#...........)...#..#
.#...)...........####
.#...............#..#
##...............'..#
.................#..#


You could see a two-headed ogre (very poisoned).

Vanquished Creatures
  A two-headed ogre (D:6)
  A water moccasin (D:5)
  An orc warrior (D:6)
  2 ogres
  A centaur (D:5)
  A kobold brigand (D:6)
  A bullfrog (D:6)
  A gnoll sergeant (D:5)
  2 hounds (D:5)
  3 jellies
  A gnoll bouda (D:6)
  5 orc priests
  A sleepcap (D:6)
  An iguana (D:5)
  Natasha (thrice) (D:3)
  6 orc wizards
  18 gnolls
  7 adders
  2 worms
  4 dart slugs
  13 orcs
  2 ball pythons
  8 bats
  5 endoplasms
  2 giant cockroaches (D:3)
  16 goblins
  10 hobgoblins
  6 jackals
  14 kobolds
  12 quokkas
  5 frilled lizards
  6 rats
161 creatures vanquished.

Notes
Turn   | Place    | Note
-------+----------+-------------------------------------------
     0 | D:1      | FishyPogo the Deep Elf Air Elementalist began the quest for
                  | the Orb.
     0 | D:1      | Reached XP level 1. HP: 10/10 MP: 6/6
   276 | D:1      | Reached XP level 2. HP: 15/15 MP: 5/8
   279 | D:1      | Learned a level 2 spell: Static Discharge
   745 | D:1      | Reached XP level 3. HP: 19/19 MP: 2/9
  1536 | D:2      | Reached XP level 4. HP: 24/24 MP: 3/11
  1843 | D:2      | Found Conucexu's Distillery.
  1949 | D:2      | Learned a level 4 spell: Airstrike
  2248 | D:3      | Noticed an ogre
  2250 | D:3      | Killed an ogre
  2251 | D:3      | Reached skill level 1 in Short Blades
  2251 | D:3      | Reached XP level 5. HP: 28/28 MP: 7/13
  2572 | D:3      | Reached skill level 4 in Air Magic
  2583 | D:3      | Noticed Natasha
  2587 | D:3      | Killed Natasha
  2808 | D:3      | Noticed Natasha
  2811 | D:3      | Killed Natasha
  2861 | D:3      | Noticed Natasha
  2864 | D:3      | Killed Natasha
  2865 | D:3      | Reached XP level 6. HP: 25/32 MP: 2/15
  3639 | D:4      | Reached skill level 5 in Spellcasting
  3787 | D:4      | Identified the +7 dagger "Avvuco" {venom, rElec Will+ Dex-4
                  | SInv}
  3858 | D:4      | Reached skill level 5 in Stealth
  3858 | D:4      | Reached skill level 5 in Air Magic
  4028 | D:4      | Reached XP level 7. HP: 36/36 MP: 8/16
  4034 | D:4      | Found a stormy altar of Qazlal.
  4386 | D:4      | Learned a level 1 spell: Necrotise
  5184 | D:5      | Entered Level 5 of the Dungeon
  5188 | D:5      | Learned a level 2 spell: Blink
  5374 | D:5      | Reached skill level 1 in Necromancy
  5390 | D:5      | Learned a level 3 spell: Vhi's Electric Charge
  5503 | D:5      | Found a staircase to the Ecumenical Temple.
  5534 | D:5      | Reached skill level 1 in Translocations
  5540 | D:5      | HP: 2/54 [poisoned by a water moccasin]
  5585 | Temple   | Entered the Ecumenical Temple
  5585 | Temple   | Found a transporter.
  5585 | Temple   | Found a transporter.
  5587 | Temple   | Found a transporter.
  5587 | Temple   | Found a transporter.
  5643 | Temple   | Became a worshipper of Makhleb the Destroyer
  6046 | D:5      | Reached skill level 6 in Air Magic
  6213 | D:5      | Reached XP level 8. HP: 13/41 MP: 9/17
  6925 | D:6      | Reached skill level 1 in Fighting
  6981 | D:6      | Reached * piety under Makhleb
  7375 | D:6      | Noticed a two-headed ogre
  7383 | D:6      | Killed a two-headed ogre
  7384 | D:6      | Reached skill level 7 in Air Magic
  7384 | D:6      | Reached XP level 9. HP: 4/49 MP: 4/18
  7564 | D:6      | Noticed a two-headed ogre
  7564 | D:6      | Noticed a komodo dragon
  7596 | D:6      | Slain by a two-headed ogre

Illustrated notes

Levels and vault maps discovered:
D:1:      enne_arrival_octagon_isle, layout_loops_corners, serial_forest,
          infiniplex_forest_lined_3, infiniplex_forest_lined_3,
          infiniplex_forest_clump_curved, infiniplex_forest_lined_3,
          infiniplex_forest_clump_double, infiniplex_forest_clump_tiny,
          infiniplex_forest_lined_4_way, infiniplex_forest_lined_3
D:2:      minmay_kobold_bridge, layout_rooms, serial_shops,
          nicolae_shop_industrial_runoff
D:3:      kennysheep_the_goblin_king, layout_loops_corners, uniq_natasha
D:4:      layout_layer_cave, grunt_qazlal_clouds
D:5:      layout_loops_ring, minmay_temple_entry_ruins, serial_bayou,
          serial_bayou_lake_a, serial_bayou_ford_a, serial_bayou_pond_e,
          serial_bayou_shore_a
D:6:      minmay_cornered_nines, layout_gridville,
          riverfiend_overflow_shadow_ancestor, kennysheep_generic_room_14
Temple:   hellmonk_temple_divided_pantheon

Skill      XL: |  1  2  3  4  5  6  7  8 |
---------------+-------------------------+-----
Stealth        | 3 4 5 6 |  6.0
Dodging        | 3 |  3.0
Conjurations   | 2 |  2.0
Spellcasting   | 4 5 |  5.0
Short Blades   | 1 2 3 4 |  4.6
Air Magic      | 4 5 6 7 |  7.0
Necromancy     | 3 6 |  6.2
Translocations | 1 3 |  3.0
Fighting       | 2 |  2.7

Action                     |  1- 3 |  4- 6 |  7- 9 || total
---------------------------+-------+-------+-------++-------
  Melee: Unarmed           |     1 |       |       ||     1
         Staff             |     9 |       |       ||     9
         Dagger            |     1 |    33 |    27 ||    61
         Punch             |       |       |     1 ||     1
   Cast: Shock             |    78 |   109 |   106 ||   293
         Airstrike         |       |     8 |    14 ||    22
         Necrotise         |       |       |    21 ||    21
         Blink             |       |       |     4 ||     4
    Use: Potion            |       |     1 |     3 ||     4
         Scroll            |       |       |     5 ||     5
   Stab: Sleeping          |       |       |     1 ||     1
 Armour: Robe              |     4 |     6 |     5 ||    15
         Skin              |       |       |     4 ||     4
  Dodge: Dodged            |     8 |    21 |    35 ||    64
